BlackHawks vs Stars

Created - 13 octobre 2020 at 22:02

Simulating a Pre-Season

Goals
1 2 3 T
BlackHawks 2 0 0 2
Stars 1 3 0 4
Shots
1 2 3 T
BlackHawks 13 14 13 40
Stars 8 8 11 27

1st period

1. BlackHawks , Phillip Danault 3 (Scott Laughton 3, Phil Kessel 5) at 1:41
2. BlackHawks , Jake Virtanen 2 (Lawson Crouse 1, Justin Faulk 5) at 11:19
3. Stars , Evgenii Dadonov 2 (Tyler Toffoli 4) at 14:28

Penalties :
Adam Larsson (CHI) for Tripping (Minor) at 2:37, Ivan Barbashev (CHI) for Interference (Minor) at 7:25, Nazem Kadri (DAL) for High sticking (Minor) at 11:20

2nd period

4. Stars , Nazem Kadri 5 (Sami Vatanen 6, Scott Mayfield 2) at 2:20
5. Stars , Jon Marchessault 4 (Darnell Nurse 3, Sidney Crosby 4) at 4:44
6. Stars , Jon Marchessault 5 (Sidney Crosby 5, John Klingberg 5) at 19:12

Penalties :
Darnell Nurse (DAL) for Tripping (Minor) at 6:45

3rd period

No Goal

Penalties :
Darnell Nurse (DAL) for Hooking (Minor) at 0:37, Sami Vatanen (DAL) for Holding (Minor) at 4:18, Justin Faulk (CHI) for Hooking (Minor) at 8:17, Nazem Kadri (DAL) for Hooking (Minor) at 13:02, Phillip Danault (CHI) for Hooking (Minor) at 16:33

Goalie Stats

Jake Allen (CHI), 11 saves from 11 shots - (1,000), 20:48 minutes
Jacob Markstrom (CHI), 12 saves from 16 shots - (0,750), L, 0-4-1, 39:12 minutes
Linus Ullmark (DAL), 38 saves from 40 shots - (0,950), W, 3-0-0, 60:00 minutes

Players Stats for BlackHawks

Player Name              G  A  P  +/- PIM S  H  SB GA TA FO     MP     PP MP  PK MP  
------------------------------------------------------------------------------------
Adam Larsson             0  0  0   0  2   4  2  3  0  0  0/0    22:00   4:57   2:44 
Anze Kopitar             0  0  0  -2  0   3  1  0  0  0  13/20  17:10   5:01   0:06 
Brandon Carlo            0  0  0  -2  0   2  1  0  0  0  0/0    17:16   0:05   3:51 
Curtis Lazar             0  0  0  -1  0   1  1  0  0  0  1/6     5:42   0:00   0:00 
Denis Malgin             0  0  0  -1  0   0  0  0  0  0  0/0     5:42   0:00   0:00 
Erik Johnson             0  0  0   0  0   1  0  5  0  0  0/0    22:50   4:53   4:06 
Ivan Barbashev           0  0  0  -1  2   1  2  1  0  0  0/1     8:30   0:00   2:49 
Jaden Schwartz           0  0  0  -2  0   1  1  1  0  0  0/2    17:59   4:56   1:00 
Jake Virtanen            1  0  1   0  0   1  0  1  0  0  0/0    14:31   0:00   2:04 
Jared McCann             0  0  0   0  0   1  0  0  0  0  8/14   12:32   0:05   0:00 
John Marino              0  0  0  -2  0   3  0  0  0  0  0/0    19:23   4:57   1:37 
Justin Faulk             0  1  1   0  2   2  1  1  0  0  0/0    18:49   0:00   3:21 
Kyle Palmieri            0  0  0  -2  0   6  0  0  0  0  0/1    16:59   4:56   0:00 
Lawson Crouse            0  1  1   0  0   2  1  1  0  0  1/1    16:28   0:05   3:56 
Phil Kessel              0  1  1   1  0   2  0  0  0  0  0/0    16:51   4:54   0:00 
Phillip Danault          1  0  1   1  2   4  1  0  0  0  23/37  18:22   4:54   1:32 
Ryan Ellis               0  0  0   0  0   3  0  0  0  0  0/0    19:40   4:58   0:13 
Scott Laughton           0  1  1   1  0   3  3  0  0  0  3/10   21:16   4:54   4:25 

Players Stats for Stars

Player Name              G  A  P  +/- PIM S  H  SB GA TA FO     MP     PP MP  PK MP  
------------------------------------------------------------------------------------
Darnell Nurse            0  1  1   2  4   3  2  1  0  0  0/0    23:50   3:53   2:44 
Derick Brassard          0  0  0  -1  0   1  3  0  0  0  5/13   10:51   0:00   0:25 
Duncan Keith             0  0  0   2  0   1  1  4  0  0  0/0    26:26   3:53   5:18 
Evgenii Dadonov          1  0  1   2  0   7  0  0  0  0  1/3    16:17   3:57   1:01 
Ilya Mikheyev            0  0  0   0  0   1  0  0  0  0  0/0     9:19   0:00   3:08 
James van Riemsdyk       0  0  0   1  0   0  0  0  0  0  0/2    18:12   3:59   0:00 
John Klingberg           0  1  1   1  0   2  0  3  0  0  0/0    22:51   4:03   4:37 
Jon Marchessault         2  0  2   1  0   3  2  0  0  0  1/1    18:12   3:59   0:00 
Josh Leivo               0  0  0  -1  0   0  0  0  0  0  0/0    10:26   0:00   0:00 
Matthew Nieto            0  0  0  -1  0   0  0  1  0  0  1/1    16:12   0:00   5:46 
Mattias Ekholm           0  0  0   1  0   1  0  1  0  0  0/0    19:29   0:00   5:18 
Nazem Kadri              1  0  1   2  4   3  3  0  0  0  12/21  14:33   3:16   0:00 
Pat Maroon               0  0  0   0  0   0  0  0  0  0  0/0     6:11   0:00   0:00 
Sami Vatanen             0  1  1  -1  2   1  1  0  0  0  0/0    14:45   4:03   0:00 
Scott Mayfield           0  1  1  -1  0   0  2  0  0  0  0/0    12:36   0:00   1:53 
Sidney Crosby            0  2  2   1  0   1  2  0  0  0  15/29  21:18   3:57   3:08 
Teddy Blueger            0  0  0   0  0   0  2  0  0  0  8/22   13:16   0:43   6:22 
Tyler Toffoli            0  1  1   2  0   3  0  0  0  0  0/0    15:16   3:57   0:00 

3 Stars

1 - Jon Marchessault (DAL)
2 - Linus Ullmark (DAL)
3 - Evgenii Dadonov (DAL)

Power Play

BlackHawks - 0 on 5 Attempt(s) - 0,00%
Stars - 0 on 4 Attempt(s) - 0,00%

Penalty Kill

BlackHawks - 4 on 4 Attempt(s) - 100,00% - Score 0 goal in Penalty Kill
Stars - 5 on 5 Attempt(s) - 100,00% - Score 0 goal in Penalty Kill

Team Stat

BlackHawks - Hits : 14 - Faceoff Wins : 49 - Blocked Shots : 13 - Penalty Minutes : 8
Stars - Hits : 18 - Faceoff Wins : 43 - Blocked Shots : 10 - Penalty Minutes : 10

Official

Referees : Mike Duco and Sean MacFarlane
Linesman : Michel Cormier and Steve Barton

Game Notes

Jake Allen enters game at 19:12 of 2nd period

% Time on Ice - BlackHawks

Lines # - Real PCT - Wanted PCT - Time Play
Normal Forward
1 - 29% - 30% - 12:03
2 - 28% - 30% - 11:57
3 - 30% - 25% - 12:27
4 - 14% - 15% - 5:42
Normal Defense
1 - 34% - 35% - 14:29
2 - 35% - 35% - 14:51
3 - 30% - 30% - 12:49
4 - 0% - 0% - 0:00
PP Forward
1 - 51% - 55% - 5:01
2 - 49% - 45% - 4:54
PP Defense
1 - 50% - 50% - 4:58
2 - 50% - 50% - 4:57
PK Forward
1 - 74% - 60% - 5:52
2 - 26% - 40% - 2:04
PK Defense
1 - 51% - 60% - 4:03
2 - 49% - 40% - 3:53
PK3 Forward
1 - 0% - 60%
2 - 0% - 40%
PK3 Defense
1 - 0% - 60%
2 - 0% - 40%
44 Forward
1 - 0% - 60%
2 - 0% - 40%
44 Defense
1 - 0% - 60%
2 - 0% - 40%
Last Minute Offensive  - 0:00
Last Minute Defensive  - 0:00
Total
Forward - 60:00
Defense - 60:00

% Time on Ice - Stars

Lines # - Real PCT - Wanted PCT - Time Play
Normal Forward
1 - 34% - 37% - 14:13
2 - 27% - 31% - 11:19
3 - 25% - 21% - 10:26
4 - 15% - 11% - 6:11
Normal Defense
1 - 39% - 40% - 16:27
2 - 34% - 30% - 14:11
3 - 25% - 20% - 10:43
4 - 2% - 10% - 0:48
PP Forward
1 - 50% - 60% - 3:57
2 - 50% - 40% - 3:59
PP Defense
1 - 51% - 60% - 4:03
2 - 49% - 40% - 3:53
PK Forward
1 - 68% - 60% - 6:47
2 - 32% - 40% - 3:08
PK Defense
1 - 53% - 60% - 5:18
2 - 47% - 40% - 4:37
PK3 Forward
1 - 0% - 60%
2 - 0% - 40%
PK3 Defense
1 - 0% - 60%
2 - 0% - 40%
44 Forward
1 - 0% - 60%
2 - 0% - 40%
44 Defense
1 - 0% - 60%
2 - 0% - 40%
Last Minute Offensive  - 0:00
Last Minute Defensive  - 0:00
Total
Forward - 60:00
Defense - 60:00

Play-by-Play

1st period


0:01 of 1st period - Sidney Crosby wins face-off versus Anze Kopitar in neutral zone.
0:50 of 1st period - Duncan Keith is hit by Jaden Schwartz and loses puck.
0:58 of 1st period - Icing by Darnell Nurse.
0:59 of 1st period - Jared McCann wins face-off versus Sidney Crosby in Stars zone.
1:10 of 1st period - Lawson Crouse is hit by Sidney Crosby.
1:26 of 1st period - Shot by Lawson Crouse.
1:26 of 1st period - Stopped by Linus Ullmark without a rebound.
1:27 of 1st period - Phillip Danault wins face-off versus Derick Brassard in Stars zone.
1:41 of 1st period - Shot by Scott Laughton.
1:41 of 1st period - Deflect By Phillip Danault.
1:41 of 1st period - Goal by Phillip Danault - BlackHawks : 1 - Stars : 0.
1:42 of 1st period - Nazem Kadri wins face-off versus Curtis Lazar in neutral zone.
1:55 of 1st period - Shot by Evgenii Dadonov.
1:55 of 1st period - Stopped by Jacob Markstrom without a rebound.
1:56 of 1st period - Teddy Blueger wins face-off versus Phillip Danault in BlackHawks zone.
2:32 of 1st period - Shot by Ilya Mikheyev.
2:32 of 1st period - Stopped by Jacob Markstrom without a rebound.
2:33 of 1st period - Nazem Kadri wins face-off versus Jared McCann in BlackHawks zone.
2:36 of 1st period - Shot by Tyler Toffoli.
2:36 of 1st period - Shot Blocked by Adam Larsson.
2:37 of 1st period - Minor Penalty to Adam Larsson for Tripping.
2:38 of 1st period - Scott Laughton wins face-off versus Sidney Crosby in BlackHawks zone.
3:06 of 1st period - Shot by Tyler Toffoli.
3:06 of 1st period - Stopped by Jacob Markstrom without a rebound.
3:07 of 1st period - Nazem Kadri wins face-off versus Phillip Danault in BlackHawks zone.
3:19 of 1st period - Shot by John Klingberg.
3:19 of 1st period - Shot Misses the Net.
3:25 of 1st period - Shot by Jon Marchessault.
3:25 of 1st period - Shot Blocked by Erik Johnson.
3:27 of 1st period - Shot by Sami Vatanen.
3:27 of 1st period - Shot Blocked by Erik Johnson.
4:09 of 1st period - Justin Faulk is hit by Sidney Crosby and loses puck.
4:14 of 1st period - Shot by Duncan Keith.
4:14 of 1st period - Shot Misses the Net.
4:16 of 1st period - Shot by Duncan Keith.
4:16 of 1st period - Shot Misses the Net.
4:18 of 1st period - Shot by Darnell Nurse.
4:18 of 1st period - Shot Blocked by Lawson Crouse.
4:20 of 1st period - Shot by Duncan Keith.
4:20 of 1st period - Shot Misses the Net.
4:50 of 1st period - Shot by Kyle Palmieri.
4:50 of 1st period - Shot Misses the Net.
7:25 of 1st period - Minor Penalty to Ivan Barbashev for Interference.
7:26 of 1st period - Jon Marchessault wins face-off versus Scott Laughton in BlackHawks zone.
7:34 of 1st period - Icing by James van Riemsdyk.
7:35 of 1st period - Lawson Crouse wins face-off versus Teddy Blueger in Stars zone.
7:42 of 1st period - Shot by John Klingberg.
7:42 of 1st period - Shot Blocked by Erik Johnson.
8:18 of 1st period - Shot by Phillip Danault.
8:18 of 1st period - Stopped by Linus Ullmark with a rebound.
8:20 of 1st period - Shot by Justin Faulk.
8:20 of 1st period - Stopped by Linus Ullmark without a rebound.
8:21 of 1st period - Phillip Danault wins face-off versus Sidney Crosby in Stars zone.
8:28 of 1st period - Shot by Justin Faulk.
8:28 of 1st period - Stopped by Linus Ullmark without a rebound.
8:29 of 1st period - Phillip Danault wins face-off versus Nazem Kadri in Stars zone.
8:33 of 1st period - Icing by Duncan Keith.
8:34 of 1st period - Nazem Kadri wins face-off versus Phillip Danault in Stars zone.
8:47 of 1st period - Shot by Darnell Nurse.
8:47 of 1st period - Shot Blocked by Adam Larsson.
8:49 of 1st period - Shot by Duncan Keith.
8:49 of 1st period - Stopped by Jacob Markstrom without a rebound.
8:50 of 1st period - Sidney Crosby wins face-off versus Scott Laughton in BlackHawks zone.
9:25 of 1st period - Shot by Sidney Crosby.
9:25 of 1st period - Shot Misses the Net.
9:57 of 1st period - Shot by Duncan Keith.
9:57 of 1st period - Shot Misses the Net.
9:59 of 1st period - Shot by Matthew Nieto.
9:59 of 1st period - Shot Misses the Net.
10:01 of 1st period - Shot by Darnell Nurse.
10:01 of 1st period - Shot Misses the Net.
10:03 of 1st period - Shot by Darnell Nurse.
10:03 of 1st period - Shot Misses the Net.
10:05 of 1st period - Shot by Matthew Nieto.
10:05 of 1st period - Shot Misses the Net.
10:54 of 1st period - Icing by Erik Johnson.
10:55 of 1st period - Sidney Crosby wins face-off versus Anze Kopitar in BlackHawks zone.
11:00 of 1st period - Shot by Jon Marchessault.
11:00 of 1st period - Deflect By Sidney Crosby.
11:00 of 1st period - Shot Misses the Net.
11:09 of 1st period - Icing by Scott Mayfield.
11:10 of 1st period - Jared McCann wins face-off versus James van Riemsdyk in Stars zone.
11:14 of 1st period - Lawson Crouse is hit by Scott Mayfield and loses puck.
11:19 of 1st period - Shot by Jake Virtanen.
11:19 of 1st period - Goal by Jake Virtanen - BlackHawks : 2 - Stars : 0.
11:20 of 1st period - Phillip Danault wins face-off versus Nazem Kadri in neutral zone.
11:20 of 1st period - Minor Penalty to Nazem Kadri for High sticking.
11:21 of 1st period - Phillip Danault wins face-off versus Teddy Blueger in Stars zone.
11:26 of 1st period - Shot by Phillip Danault.
11:26 of 1st period - Stopped by Linus Ullmark without a rebound.
11:27 of 1st period - Phillip Danault wins face-off versus Teddy Blueger in Stars zone.
11:28 of 1st period - Shot by John Marino.
11:28 of 1st period - Stopped by Linus Ullmark without a rebound.
11:29 of 1st period - Teddy Blueger wins face-off versus Phillip Danault in Stars zone.
11:29 of 1st period - Teddy Blueger is hit by Scott Laughton.
12:01 of 1st period - Shot by Adam Larsson.
12:01 of 1st period - Shot Misses the Net.
12:03 of 1st period - Shot by Adam Larsson.
12:03 of 1st period - Stopped by Linus Ullmark without a rebound.
12:04 of 1st period - Anze Kopitar wins face-off versus Teddy Blueger in Stars zone.
12:15 of 1st period - Shot by Jaden Schwartz.
12:15 of 1st period - Stopped by Linus Ullmark with a rebound.
13:19 of 1st period - Off-side.
13:20 of 1st period - Sidney Crosby wins face-off versus Jared McCann in neutral zone.
13:38 of 1st period - Lawson Crouse is hit by Sami Vatanen and loses puck.
14:21 of 1st period - Brandon Carlo is hit by Darnell Nurse and loses puck.
14:28 of 1st period - Shot by Evgenii Dadonov.
14:28 of 1st period - Goal by Evgenii Dadonov - BlackHawks : 2 - Stars : 1.
14:29 of 1st period - Phillip Danault wins face-off versus Teddy Blueger in neutral zone.
14:36 of 1st period - Shot by Phillip Danault.
14:36 of 1st period - Deflect By Phil Kessel.
14:36 of 1st period - Stopped by Linus Ullmark with a rebound.
15:46 of 1st period - Shot by Nazem Kadri.
15:46 of 1st period - Shot Blocked by Jake Virtanen.
15:48 of 1st period - Shot by Nazem Kadri.
15:48 of 1st period - Shot Blocked by Justin Faulk.
16:29 of 1st period - Justin Faulk is hit by Jon Marchessault and loses puck.
16:33 of 1st period - Icing by Justin Faulk.
16:34 of 1st period - Jared McCann wins face-off versus Derick Brassard in BlackHawks zone.
17:01 of 1st period - Shot by John Klingberg.
17:01 of 1st period - Stopped by Jacob Markstrom without a rebound.
17:02 of 1st period - Phillip Danault wins face-off versus Sidney Crosby in BlackHawks zone.
17:11 of 1st period - Shot by Phillip Danault.
17:11 of 1st period - Stopped by Linus Ullmark with a rebound.
17:17 of 1st period - Scott Laughton is hit by Jon Marchessault and loses puck.
17:33 of 1st period - Icing by Ryan Ellis.
17:34 of 1st period - Phillip Danault wins face-off versus Nazem Kadri in BlackHawks zone.
17:47 of 1st period - Shot by Phillip Danault.
17:47 of 1st period - Deflect By Phil Kessel.
17:47 of 1st period - Shot Blocked by John Klingberg.
17:53 of 1st period - Shot by Mattias Ekholm.
17:53 of 1st period - Shot Misses the Net.
18:04 of 1st period - Shot by Evgenii Dadonov.
18:04 of 1st period - Shot Blocked by Erik Johnson.
18:06 of 1st period - Shot by John Klingberg.
18:06 of 1st period - Stopped by Jacob Markstrom with a rebound.
18:08 of 1st period - Shot by Mattias Ekholm.
18:08 of 1st period - Stopped by Jacob Markstrom without a rebound.
18:09 of 1st period - Derick Brassard wins face-off versus Anze Kopitar in BlackHawks zone.
18:34 of 1st period - Shot by Matthew Nieto.
18:34 of 1st period - Deflect By Josh Leivo.
18:34 of 1st period - Shot Misses the Net.
18:46 of 1st period - Shot by Anze Kopitar.
18:46 of 1st period - Stopped by Linus Ullmark without a rebound.
18:47 of 1st period - Sidney Crosby wins face-off versus Curtis Lazar in Stars zone.
18:59 of 1st period - Off-side.
19:00 of 1st period - Evgenii Dadonov wins face-off versus Jared McCann in neutral zone.
19:16 of 1st period - Icing by Scott Mayfield.
19:17 of 1st period - Nazem Kadri wins face-off versus Phillip Danault in Stars zone.
19:17 of 1st period - Nazem Kadri is hit by Phillip Danault.
19:43 of 1st period - Shot by Nazem Kadri.
19:43 of 1st period - Shot Misses the Net.
19:45 of 1st period - Shot by Sami Vatanen.
19:45 of 1st period - Shot Misses the Net.
19:58 of 1st period - John Marino is hit by Duncan Keith and loses puck.
Goals for this period are 2 for BlackHawks vs 1 for Stars.
Shots for this period are 13 for BlackHawks vs 8 for Stars.

2nd period


0:01 of 2nd period - Sidney Crosby wins face-off versus Jared McCann in neutral zone.
0:23 of 2nd period - Off-side.
0:24 of 2nd period - Anze Kopitar wins face-off versus Nazem Kadri in neutral zone.
0:31 of 2nd period - Shot by Anze Kopitar.
0:31 of 2nd period - Shot Hit the Post.
0:33 of 2nd period - Shot by Brandon Carlo.
0:33 of 2nd period - Stopped by Linus Ullmark without a rebound.
0:34 of 2nd period - Derick Brassard wins face-off versus Phillip Danault in Stars zone.
0:38 of 2nd period - Duncan Keith is hit by Scott Laughton and loses puck.
0:54 of 2nd period - Shot by Phillip Danault.
0:54 of 2nd period - Shot Misses the Net.
0:56 of 2nd period - Shot by Phillip Danault.
0:56 of 2nd period - Deflect By Scott Laughton.
0:56 of 2nd period - Shot Blocked by Duncan Keith.
0:58 of 2nd period - Shot by Erik Johnson.
0:58 of 2nd period - Shot Blocked by Matthew Nieto.
2:20 of 2nd period - Shot by Nazem Kadri.
2:20 of 2nd period - Goal by Nazem Kadri - BlackHawks : 2 - Stars : 2.
2:21 of 2nd period - Anze Kopitar wins face-off versus Evgenii Dadonov in neutral zone.
2:32 of 2nd period - Shot by Jaden Schwartz.
2:32 of 2nd period - Shot Misses the Net.
2:34 of 2nd period - Shot by Brandon Carlo.
2:34 of 2nd period - Stopped by Linus Ullmark without a rebound.
2:35 of 2nd period - Phillip Danault wins face-off versus Teddy Blueger in Stars zone.
2:35 of 2nd period - Erik Johnson is hit by Darnell Nurse and loses puck.
2:59 of 2nd period - Icing by Erik Johnson.
3:00 of 2nd period - Phillip Danault wins face-off versus Nazem Kadri in BlackHawks zone.
3:00 of 2nd period - Phillip Danault is hit by Nazem Kadri.
3:17 of 2nd period - Off-side.
3:18 of 2nd period - Anze Kopitar wins face-off versus Sidney Crosby in neutral zone.
3:31 of 2nd period - Shot by Jaden Schwartz.
3:31 of 2nd period - Shot Misses the Net.
3:33 of 2nd period - Shot by Brandon Carlo.
3:33 of 2nd period - Shot Misses the Net.
3:35 of 2nd period - Shot by Kyle Palmieri.
3:35 of 2nd period - Stopped by Linus Ullmark without a rebound.
3:36 of 2nd period - Curtis Lazar wins face-off versus Nazem Kadri in Stars zone.
3:57 of 2nd period - Shot by Ivan Barbashev.
3:57 of 2nd period - Shot Misses the Net.
4:23 of 2nd period - Brandon Carlo is hit by Nazem Kadri and loses puck.
4:44 of 2nd period - Shot by Jon Marchessault.
4:44 of 2nd period - Goal by Jon Marchessault - BlackHawks : 2 - Stars : 3.
4:45 of 2nd period - Jared McCann wins face-off versus Derick Brassard in neutral zone.
4:45 of 2nd period - Jared McCann is hit by Derick Brassard.
5:00 of 2nd period - Off-side.
5:01 of 2nd period - Sidney Crosby wins face-off versus Phillip Danault in neutral zone.
5:25 of 2nd period - Shot by James van Riemsdyk.
5:25 of 2nd period - Shot Misses the Net.
5:28 of 2nd period - Icing by John Marino.
5:29 of 2nd period - Phillip Danault wins face-off versus Derick Brassard in BlackHawks zone.
5:29 of 2nd period - Phillip Danault is hit by Derick Brassard.
6:15 of 2nd period - Shot by Jaden Schwartz.
6:15 of 2nd period - Deflect By Kyle Palmieri.
6:15 of 2nd period - Shot Misses the Net.
6:19 of 2nd period - Shot by Kyle Palmieri.
6:19 of 2nd period - Shot Misses the Net.
6:21 of 2nd period - Shot by Adam Larsson.
6:21 of 2nd period - Stopped by Linus Ullmark without a rebound.
6:22 of 2nd period - Jared McCann wins face-off versus James van Riemsdyk in Stars zone.
6:42 of 2nd period - Shot by Lawson Crouse.
6:42 of 2nd period - Shot Misses the Net.
6:45 of 2nd period - Minor Penalty to Darnell Nurse for Tripping.
6:46 of 2nd period - Teddy Blueger wins face-off versus Jaden Schwartz in Stars zone.
7:12 of 2nd period - Shot by Jaden Schwartz.
7:12 of 2nd period - Shot Misses the Net.
7:14 of 2nd period - Shot by Adam Larsson.
7:14 of 2nd period - Stopped by Linus Ullmark without a rebound.
7:15 of 2nd period - Teddy Blueger wins face-off versus Phillip Danault in Stars zone.
7:44 of 2nd period - Shot by Ryan Ellis.
7:44 of 2nd period - Stopped by Linus Ullmark with a rebound.
8:31 of 2nd period - Shot by Anze Kopitar.
8:31 of 2nd period - Shot Blocked by Duncan Keith.
9:15 of 2nd period - Shot by Jared McCann.
9:15 of 2nd period - Stopped by Linus Ullmark without a rebound.
9:16 of 2nd period - Derick Brassard wins face-off versus Curtis Lazar in Stars zone.
9:16 of 2nd period - Derick Brassard is hit by Curtis Lazar.
9:37 of 2nd period - Shot by Curtis Lazar.
9:37 of 2nd period - Stopped by Linus Ullmark without a rebound.
9:38 of 2nd period - Phillip Danault wins face-off versus Nazem Kadri in Stars zone.
9:54 of 2nd period - Shot by Phil Kessel.
9:54 of 2nd period - Shot Hit the Post.
10:05 of 2nd period - Icing by Adam Larsson.
10:06 of 2nd period - Sidney Crosby wins face-off versus Phillip Danault in BlackHawks zone.
10:21 of 2nd period - Shot by James van Riemsdyk.
10:21 of 2nd period - Shot Misses the Net.
10:23 of 2nd period - Shot by Jon Marchessault.
10:23 of 2nd period - Stopped by Jacob Markstrom without a rebound.
10:24 of 2nd period - Anze Kopitar wins face-off versus Derick Brassard in BlackHawks zone.
12:49 of 2nd period - Shot by Phil Kessel.
12:49 of 2nd period - Shot Misses the Net.
13:22 of 2nd period - Kyle Palmieri is hit by Teddy Blueger and loses puck.
14:37 of 2nd period - Shot by Derick Brassard.
14:37 of 2nd period - Stopped by Jacob Markstrom without a rebound.
14:38 of 2nd period - Jared McCann wins face-off versus Sidney Crosby in BlackHawks zone.
14:43 of 2nd period - Shot by Lawson Crouse.
14:43 of 2nd period - Shot Misses the Net.
15:34 of 2nd period - Shot by Evgenii Dadonov.
15:34 of 2nd period - Stopped by Jacob Markstrom with a rebound.
15:36 of 2nd period - Shot by Darnell Nurse.
15:36 of 2nd period - Stopped by Jacob Markstrom with a rebound.
15:42 of 2nd period - Shot by Nazem Kadri.
15:42 of 2nd period - Shot Misses the Net.
15:44 of 2nd period - Shot by Tyler Toffoli.
15:44 of 2nd period - Stopped by Jacob Markstrom without a rebound.
15:45 of 2nd period - Derick Brassard wins face-off versus Anze Kopitar in BlackHawks zone.
16:00 of 2nd period - Shot by Kyle Palmieri.
16:00 of 2nd period - Stopped by Linus Ullmark without a rebound.
16:01 of 2nd period - Phillip Danault wins face-off versus Teddy Blueger in Stars zone.
16:18 of 2nd period - Shot by Scott Laughton.
16:18 of 2nd period - Stopped by Linus Ullmark with a rebound.
16:20 of 2nd period - Shot by Ryan Ellis.
16:20 of 2nd period - Deflect By Phil Kessel.
16:20 of 2nd period - Stopped by Linus Ullmark with a rebound.
16:22 of 2nd period - Shot by Ryan Ellis.
16:22 of 2nd period - Shot Blocked by Darnell Nurse.
16:29 of 2nd period - Icing by Duncan Keith.
16:30 of 2nd period - Anze Kopitar wins face-off versus Teddy Blueger in Stars zone.
16:51 of 2nd period - Shot by Kyle Palmieri.
16:51 of 2nd period - Stopped by Linus Ullmark without a rebound.
16:52 of 2nd period - Sidney Crosby wins face-off versus Curtis Lazar in Stars zone.
16:52 of 2nd period - John Klingberg is hit by Ivan Barbashev.
17:13 of 2nd period - Shot by Ivan Barbashev.
17:13 of 2nd period - Shot Misses the Net.
17:15 of 2nd period - Shot by Erik Johnson.
17:15 of 2nd period - Shot Misses the Net.
17:17 of 2nd period - Shot by Erik Johnson.
17:17 of 2nd period - Stopped by Linus Ullmark with a rebound.
17:19 of 2nd period - Shot by Ivan Barbashev.
17:19 of 2nd period - Shot Misses the Net.
17:53 of 2nd period - Shot by Kyle Palmieri.
17:53 of 2nd period - Stopped by Linus Ullmark without a rebound.
17:54 of 2nd period - Matthew Nieto wins face-off versus Phillip Danault in Stars zone.
18:15 of 2nd period - Shot by Scott Laughton.
18:15 of 2nd period - Shot Blocked by Duncan Keith.
18:18 of 2nd period - Icing by Darnell Nurse.
18:19 of 2nd period - Derick Brassard wins face-off versus Anze Kopitar in Stars zone.
18:52 of 2nd period - Shot by Anze Kopitar.
18:52 of 2nd period - Deflect By Kyle Palmieri.
18:52 of 2nd period - Shot Misses the Net.
19:04 of 2nd period - Icing by Justin Faulk.
19:05 of 2nd period - Sidney Crosby wins face-off versus Kyle Palmieri in BlackHawks zone.
19:08 of 2nd period - Shot by Sidney Crosby.
19:08 of 2nd period - Shot Misses the Net.
19:10 of 2nd period - Shot by Sidney Crosby.
19:10 of 2nd period - Shot Blocked by Jaden Schwartz.
19:12 of 2nd period - Shot by Jon Marchessault.
19:12 of 2nd period - Goal by Jon Marchessault - BlackHawks : 2 - Stars : 4.
19:12 of 2nd period - Jake Allen enters game.
19:13 of 2nd period - Phillip Danault wins face-off versus Sidney Crosby in neutral zone.
19:17 of 2nd period - Off-side.
19:18 of 2nd period - Sidney Crosby wins face-off versus Phillip Danault in neutral zone.
19:20 of 2nd period - Off-side.
19:21 of 2nd period - Phillip Danault wins face-off versus Sidney Crosby in neutral zone.
19:52 of 2nd period - Icing by John Marino.
19:53 of 2nd period - Phillip Danault wins face-off versus Nazem Kadri in BlackHawks zone.
19:53 of 2nd period - Phillip Danault is hit by Nazem Kadri.
Goals for this period are 0 for BlackHawks vs 3 for Stars.
Shots for this period are 14 for BlackHawks vs 8 for Stars.

3rd period


0:01 of 3rd period - Nazem Kadri wins face-off versus Jaden Schwartz in neutral zone.
0:06 of 3rd period - Shot by Evgenii Dadonov.
0:06 of 3rd period - Stopped by Jake Allen with a rebound.
0:08 of 3rd period - Shot by Darnell Nurse.
0:08 of 3rd period - Shot Misses the Net.
0:10 of 3rd period - Shot by Nazem Kadri.
0:10 of 3rd period - Stopped by Jake Allen with a rebound.
0:22 of 3rd period - Shot by Nazem Kadri.
0:22 of 3rd period - Deflect By Evgenii Dadonov.
0:22 of 3rd period - Stopped by Jake Allen without a rebound.
0:23 of 3rd period - Jared McCann wins face-off versus Sidney Crosby in BlackHawks zone.
0:34 of 3rd period - Shot by Jared McCann.
0:34 of 3rd period - Shot Blocked by John Klingberg.
0:36 of 3rd period - Shot by Lawson Crouse.
0:36 of 3rd period - Stopped by Linus Ullmark without a rebound.
0:37 of 3rd period - Anze Kopitar wins face-off versus Evgenii Dadonov in Stars zone.
0:37 of 3rd period - Minor Penalty to Darnell Nurse for Hooking.
0:38 of 3rd period - Teddy Blueger wins face-off versus Anze Kopitar in Stars zone.
1:46 of 3rd period - Shot by Phillip Danault.
1:46 of 3rd period - Shot Blocked by Duncan Keith.
1:48 of 3rd period - Shot by Adam Larsson.
1:48 of 3rd period - Stopped by Linus Ullmark without a rebound.
1:49 of 3rd period - Phillip Danault wins face-off versus Sidney Crosby in Stars zone.
1:54 of 3rd period - Shot by Phillip Danault.
1:54 of 3rd period - Shot Misses the Net.
1:56 of 3rd period - Shot by John Marino.
1:56 of 3rd period - Stopped by Linus Ullmark without a rebound.
1:57 of 3rd period - Anze Kopitar wins face-off versus Teddy Blueger in Stars zone.
2:16 of 3rd period - Shot by Ryan Ellis.
2:16 of 3rd period - Stopped by Linus Ullmark without a rebound.
2:17 of 3rd period - Teddy Blueger wins face-off versus Phillip Danault in Stars zone.
2:34 of 3rd period - Shot by John Marino.
2:34 of 3rd period - Shot Misses the Net.
2:51 of 3rd period - Shot by Nazem Kadri.
2:51 of 3rd period - Shot Misses the Net.
2:55 of 3rd period - Shot by Nazem Kadri.
2:55 of 3rd period - Shot Misses the Net.
3:39 of 3rd period - Shot by Sidney Crosby.
3:39 of 3rd period - Stopped by Jake Allen with a rebound.
4:06 of 3rd period - Shot by Jaden Schwartz.
4:06 of 3rd period - Shot Misses the Net.
4:08 of 3rd period - Shot by Erik Johnson.
4:08 of 3rd period - Shot Misses the Net.
4:10 of 3rd period - Shot by Anze Kopitar.
4:10 of 3rd period - Shot Blocked by Mattias Ekholm.
4:12 of 3rd period - Shot by Anze Kopitar.
4:12 of 3rd period - Stopped by Linus Ullmark without a rebound.
4:13 of 3rd period - Phillip Danault wins face-off versus Derick Brassard in Stars zone.
4:13 of 3rd period - Phillip Danault is hit by Scott Mayfield.
4:18 of 3rd period - Minor Penalty to Sami Vatanen for Holding.
4:19 of 3rd period - Phillip Danault wins face-off versus Teddy Blueger in Stars zone.
4:26 of 3rd period - Shot by Phil Kessel.
4:26 of 3rd period - Shot Misses the Net.
5:08 of 3rd period - Shot by Ryan Ellis.
5:08 of 3rd period - Stopped by Linus Ullmark without a rebound.
5:09 of 3rd period - Anze Kopitar wins face-off versus Teddy Blueger in Stars zone.
5:16 of 3rd period - Shot by Kyle Palmieri.
5:16 of 3rd period - Stopped by Linus Ullmark without a rebound.
5:17 of 3rd period - Teddy Blueger wins face-off versus Anze Kopitar in Stars zone.
5:17 of 3rd period - Teddy Blueger is hit by Anze Kopitar.
5:37 of 3rd period - Shot by Kyle Palmieri.
5:37 of 3rd period - Stopped by Linus Ullmark with a rebound.
6:15 of 3rd period - Shot by Scott Laughton.
6:15 of 3rd period - Stopped by Linus Ullmark without a rebound.
6:16 of 3rd period - Sidney Crosby wins face-off versus Phillip Danault in Stars zone.
6:42 of 3rd period - Off-side.
6:43 of 3rd period - Nazem Kadri wins face-off versus Phillip Danault in neutral zone.
6:48 of 3rd period - Shot by Evgenii Dadonov.
6:48 of 3rd period - Shot Blocked by Erik Johnson.
6:54 of 3rd period - Shot by Evgenii Dadonov.
6:54 of 3rd period - Stopped by Jake Allen without a rebound.
6:55 of 3rd period - Sidney Crosby wins face-off versus Jared McCann in BlackHawks zone.
6:55 of 3rd period - Sidney Crosby is hit by Adam Larsson.
7:01 of 3rd period - Shot by Jon Marchessault.
7:01 of 3rd period - Shot Blocked by Adam Larsson.
7:10 of 3rd period - Jon Marchessault is hit by Justin Faulk and loses puck.
8:00 of 3rd period - Shot by Evgenii Dadonov.
8:00 of 3rd period - Stopped by Jake Allen with a rebound.
8:17 of 3rd period - Minor Penalty to Justin Faulk for Hooking.
8:18 of 3rd period - Sidney Crosby wins face-off versus Scott Laughton in BlackHawks zone.
9:23 of 3rd period - Icing by Duncan Keith.
9:24 of 3rd period - Nazem Kadri wins face-off versus Scott Laughton in Stars zone.
9:31 of 3rd period - Shot by Darnell Nurse.
9:31 of 3rd period - Stopped by Jake Allen with a rebound.
11:11 of 3rd period - John Klingberg is hit by Scott Laughton and loses puck.
11:20 of 3rd period - Shot by Scott Laughton.
11:20 of 3rd period - Stopped by Linus Ullmark without a rebound.
11:21 of 3rd period - Teddy Blueger wins face-off versus Curtis Lazar in Stars zone.
11:21 of 3rd period - Teddy Blueger is hit by Ivan Barbashev.
11:53 of 3rd period - Shot by Ivan Barbashev.
11:53 of 3rd period - Stopped by Linus Ullmark without a rebound.
11:54 of 3rd period - Jared McCann wins face-off versus Sidney Crosby in Stars zone.
12:14 of 3rd period - Sidney Crosby is hit by Adam Larsson and loses puck.
13:01 of 3rd period - Shot by Evgenii Dadonov.
13:01 of 3rd period - Shot Misses the Net.
13:02 of 3rd period - Minor Penalty to Nazem Kadri for Hooking.
13:03 of 3rd period - Anze Kopitar wins face-off versus Teddy Blueger in Stars zone.
14:11 of 3rd period - Shot by John Marino.
14:11 of 3rd period - Shot Misses the Net.
14:13 of 3rd period - Shot by John Marino.
14:13 of 3rd period - Stopped by Linus Ullmark without a rebound.
14:14 of 3rd period - Phillip Danault wins face-off versus Sidney Crosby in Stars zone.
15:20 of 3rd period - Icing by Scott Mayfield.
15:21 of 3rd period - Nazem Kadri wins face-off versus Jared McCann in Stars zone.
15:21 of 3rd period - Nazem Kadri is hit by Lawson Crouse.
15:33 of 3rd period - Shot by Evgenii Dadonov.
15:33 of 3rd period - Deflect By Nazem Kadri.
15:33 of 3rd period - Shot Misses the Net.
15:49 of 3rd period - Shot by Evgenii Dadonov.
15:49 of 3rd period - Shot Misses the Net.
15:51 of 3rd period - Shot by Nazem Kadri.
15:51 of 3rd period - Stopped by Jake Allen with a rebound.
16:19 of 3rd period - Off-side.
16:20 of 3rd period - Phillip Danault wins face-off versus Teddy Blueger in neutral zone.
16:20 of 3rd period - Phil Kessel is hit by Teddy Blueger and loses puck.
16:33 of 3rd period - Minor Penalty to Phillip Danault for Hooking.
16:34 of 3rd period - Nazem Kadri wins face-off versus Scott Laughton in BlackHawks zone.
16:39 of 3rd period - Shot by Jon Marchessault.
16:39 of 3rd period - Shot Blocked by Ivan Barbashev.
16:41 of 3rd period - Shot by Darnell Nurse.
16:41 of 3rd period - Stopped by Jake Allen without a rebound.
16:42 of 3rd period - Sidney Crosby wins face-off versus Scott Laughton in BlackHawks zone.
16:43 of 3rd period - Shot by Tyler Toffoli.
16:43 of 3rd period - Stopped by Jake Allen without a rebound.
16:44 of 3rd period - Scott Laughton wins face-off versus Sidney Crosby in BlackHawks zone.
17:21 of 3rd period - Shot by John Klingberg.
17:21 of 3rd period - Shot Misses the Net.
17:23 of 3rd period - Shot by Sami Vatanen.
17:23 of 3rd period - Stopped by Jake Allen without a rebound.
17:24 of 3rd period - Nazem Kadri wins face-off versus Ivan Barbashev in BlackHawks zone.
17:34 of 3rd period - Off-side.
17:35 of 3rd period - Nazem Kadri wins face-off versus Scott Laughton in neutral zone.
17:37 of 3rd period - Jon Marchessault is hit by Brandon Carlo and loses puck.
17:49 of 3rd period - Icing by James van Riemsdyk.
17:50 of 3rd period - Scott Laughton wins face-off versus Nazem Kadri in Stars zone.
17:59 of 3rd period - Shot by Nazem Kadri.
17:59 of 3rd period - Shot Misses the Net.
18:38 of 3rd period - Off-side.
18:39 of 3rd period - Anze Kopitar wins face-off versus Derick Brassard in neutral zone.
18:42 of 3rd period - Shot by John Marino.
18:42 of 3rd period - Shot Blocked by John Klingberg.
18:46 of 3rd period - Shot by Anze Kopitar.
18:46 of 3rd period - Stopped by Linus Ullmark without a rebound.
18:47 of 3rd period - Anze Kopitar wins face-off versus Teddy Blueger in Stars zone.
19:12 of 3rd period - Shot by Ilya Mikheyev.
19:12 of 3rd period - Shot Misses the Net.
19:15 of 3rd period - Icing by Ryan Ellis.
19:16 of 3rd period - Anze Kopitar wins face-off versus Derick Brassard in BlackHawks zone.
19:16 of 3rd period - Jaden Schwartz is hit by Derick Brassard and loses puck.
19:22 of 3rd period - Off-side.
19:23 of 3rd period - Phillip Danault wins face-off versus Sidney Crosby in neutral zone.
Goals for this period are 0 for BlackHawks vs 0 for Stars.
Shots for this period are 13 for BlackHawks vs 11 for Stars.